| TOP OF THE 1ST |
|
Burlington Royals batting - Pitching for Pulaski Yankees : LHP Allen Reisinger
|
|
Pitching: LHP Allen Reisinger
|
|
|
Batting: RHB Kyle Finney
|
0-0: Ball 1-0: DOUBLE (Line Drive, 78D, EV 102.5 MPH)
|
|
Batting: RHB Josh Massey
|
0-0: Ball Wild Pitch! Kyle Finney to third 1-0: Called Strike 1-1: Ground out 4-3 (Groundball, 4M, EV 86.2 MPH) Kyle Finney scores
|
|
Batting: RHB Milanni Isaaka
|
0-0: SINGLE (Line Drive, 8RS, EV 110.0 MPH)
|
|
Batting: RHB Juan Nieves
|
0-0: Ball Passed Ball! Milanni Isaaka to second 1-0: Ball Wild Pitch! Milanni Isaaka to third 2-0: Called Strike 2-1: Fly out, F8 (Line Drive, 8RM, EV 84.4 MPH) Runner from 3rd tags up, SCORES, throw by CF
|
|
Batting: RHB John Normand
|
0-0: Ball 1-0: Called Strike 1-1: Ball 2-1: Foul Ball, location: 2F 2-2: Strikes out swinging
|
| Top of the 1st over - 2 runs, 2 hits, 0 errors, 0 left on base; Burlington 2 - Pulaski 0 |
| BOTTOM OF THE 1ST |
|
Pulaski Yankees batting - Pitching for Burlington Royals : RHP Matthew Kane
|
|
Pitching: RHP Matthew Kane
|
|
|
Batting: RHB Jim O'Dwyer
|
0-0: Ball 1-0: Ball 2-0: Ball 3-0: Base on Balls
|
|
Batting: RHB Ken Stair
|
0-0: Ball 1-0: Ball 2-0: Called Strike 2-1: Foul Ball, location: 2F 2-2: SINGLE (Line Drive, 4MD, EV 96.2 MPH) Jim O'Dwyer to second
|
|
Batting: SHB Dylan Best
|
0-0: Ball 1-0: Fly out, F6 (Popup, 6MS, EV 64.4 MPH)
|
|
Batting: RHB Paul Ngumi
|
0-0: Called Strike 0-1: SINGLE (Flyball, 8RS, EV 93.1 MPH) Jim O'Dwyer to third Ken Stair to second Runner from 3rd tries for Home, SAFE, throw by CF to home
|
|
Batting: RHB Jonathan Feldstein
|
0-0: Ball 1-0: Swinging Strike 1-1: Ball 2-1: Foul Ball, location: 2F 2-2: Strikes out swinging
|
|
Batting: LHB Dave Ortiz
|
0-0: Ball 1-0: Ball 2-0: Called Strike 2-1: Called Strike 2-2: Ball 3-2: Ground out 4-3 (Groundball, 4, EV 103.1 MPH)
|
| Bottom of the 1st over - 1 run, 2 hits, 0 errors, 2 left on base; Burlington 2 - Pulaski 1 |
| TOP OF THE 2ND |
|
Burlington Royals batting - Pitching for Pulaski Yankees : LHP Allen Reisinger
|
|
Batting: RHB Donnie Bednarz
|
0-0: Called Strike 0-1: Called Strike 0-2: Ball 1-2: Strikes out swinging
|
|
Batting: RHB Nick Spriggs
|
0-0: Ball 1-0: Ground out 5-3 (Groundball, 56S, EV 84.4 MPH)
|
|
Batting: RHB Danny Jefferies
|
0-0: SINGLE (Groundball, 34D, EV 95.0 MPH)
|
|
Batting: RHB Jimmy Black
|
0-0: Ball 1-0: Foul Ball, location: 2F 1-1: Ball 2-1: Swinging Strike 2-2: Foul Ball, location: 2F 2-2: SINGLE (Groundball, 4D, EV 97.5 MPH) Danny Jefferies to second Runner from 2nd tries for 3rd, SAFE, throw by RF made to third
|
|
Batting: RHB Kyle Finney
|
0-0: Ball 1-0: Ball 2-0: Ball 3-0: Called Strike 3-1: Base on Balls Jimmy Black to second
|
|
Batting: RHB Josh Massey
|
0-0: Ball 1-0: Foul Ball, location: 2F 1-1: Foul Ball, location: 2F 1-2: Ball 2-2: SINGLE (Groundball, 56S, EV 66.9 MPH) (infield hit) Danny Jefferies scores Jimmy Black to third Kyle Finney to second
|
|
Batting: RHB Milanni Isaaka
|
0-0: Called Strike 0-1: Foul Ball, location: 2F 0-2: Ball 1-2: Foul Ball, location: 2F 1-2: Foul Ball, location: 2F 1-2: Ball 2-2: Ball 3-2: Foul Ball, location: 2F 3-2: Foul Ball, location: 2F 3-2: Foul Ball, location: 2F 3-2: Fly out, F9 (Flyball, 89S, EV 87.5 MPH)
|
| Top of the 2nd over - 1 run, 3 hits, 0 errors, 3 left on base; Burlington 3 - Pulaski 1 |
| BOTTOM OF THE 2ND |
|
Pulaski Yankees batting - Pitching for Burlington Royals : RHP Matthew Kane
|
|
Pitching: LHP Omar Nogueira
|
|
|
Pinch Hitting: RHB Yasuoka Tsuda
|
0-0: Called Strike 0-1: Foul Ball, location: 2F 0-2: Ball 1-2: Ball 2-2: Foul Ball, location: 2F 2-2: SINGLE (Line Drive, 4MD, EV 104.4 MPH)
|
|
Batting: LHB Victor Reyna
|
0-0: SINGLE (Line Drive, 7S, EV 108.8 MPH) Yasuoka Tsuda to second
|
|
Batting: RHB Juan Perez
|
0-0: Fly out, F9 (Flyball, 9, EV 85.0 MPH)
|
|
Batting: RHB Jim O'Dwyer
|
0-0: Called Strike 0-1: Swinging Strike 0-2: Strikes out swinging
|
|
Batting: RHB Ken Stair
|
0-0: Called Strike 0-1: Ball 1-1: Called Strike 1-2: Foul Ball, location: 2F 1-2: Ball 2-2: Foul Ball, location: 2F 2-2: Foul Ball, location: 2F 2-2: Foul Ball, location: 2F 2-2: Ball 3-2: Foul Ball, location: 2F 3-2: DOUBLE (Flyball, 8RD, EV 94.4 MPH) Yasuoka Tsuda scores Victor Reyna to third Victor Reyna scores
|
|
Pitching: RHP Ryan Robbins
|
|
|
Batting: SHB Dylan Best
|
0-0: Ground out 1-3 (Groundball, P, EV 75.6 MPH)
|
| Bottom of the 2nd over - 2 runs, 3 hits, 0 errors, 1 left on base; Burlington 3 - Pulaski 3 |
| TOP OF THE 3RD |
|
Burlington Royals batting - Pitching for Pulaski Yankees : LHP Allen Reisinger
|
|
Now in LF: Troy Jones
|
|
|
Batting: RHB Juan Nieves
|
0-0: Ball 1-0: Called Strike 1-1: Ground out 6-3 (Groundball, 6, EV 93.8 MPH)
|
|
Batting: RHB John Normand
|
0-0: Ball 1-0: Foul Ball, location: 2F 1-1: Ball 2-1: Ball 3-1: Base on Balls
|
|
Batting: RHB Donnie Bednarz
|
0-0: Grounds into double play, 5-4-3 (Groundball, 56, EV 106.2 MPH)
|
| Top of the 3rd over - 0 runs, 0 hits, 0 errors, 0 left on base; Burlington 3 - Pulaski 3 |
| BOTTOM OF THE 3RD |
|
Pulaski Yankees batting - Pitching for Burlington Royals : RHP Ryan Robbins
|
|
Batting: RHB Paul Ngumi
|
0-0: Foul Ball, location: 2F 0-1: Fly out, F8 (Flyball, BS3, EV 103.1 MPH)
|
|
Batting: RHB Jonathan Feldstein
|
0-0: Foul Ball, location: 2F 0-1: Ball 1-1: Foul Ball, location: 2F 1-2: Strikes out swinging
|
|
Batting: LHB Dave Ortiz
|
0-0: Called Strike 0-1: Ball 1-1: Called Strike 1-2: Ball 2-2: Ball 3-2: Base on Balls
|
|
Batting: LHB Troy Jones
|
0-0: Called Strike 0-1: Ball 1-1: Ball 2-1: Foul Ball, location: 2F 2-2: Ball 3-2: 2-RUN HOME RUN (Line Drive, 9D, EV 101.9 MPH), Distance : 385 ft
|
|
Pitching: LHP David Wright
|
|
|
Batting: LHB Victor Reyna
|
0-0: Ball 1-0: Fly out, F8 (Flyball, 8LD, EV 101.2 MPH)
|
| Bottom of the 3rd over - 2 runs, 1 hit, 0 errors, 0 left on base; Burlington 3 - Pulaski 5 |
| TOP OF THE 4TH |
|
Burlington Royals batting - Pitching for Pulaski Yankees : LHP Allen Reisinger
|
|
Batting: RHB Nick Spriggs
|
0-0: Swinging Strike 0-1: Ball 1-1: Ground out 6-3 (Groundball, 6, EV 95.0 MPH)
|
|
Batting: RHB Danny Jefferies
|
0-0: Called Strike 0-1: Ball 1-1: Swinging Strike 1-2: Fly out, F7 (Flyball, 7, EV 91.2 MPH)
|
|
Batting: RHB Jimmy Black
|
0-0: Called Strike 0-1: Ball 1-1: Hit by Pitch
|
|
Batting: RHB Kyle Finney
|
0-0: Called Strike 0-1: Fly out, F7 (Flyball, 78M, EV 81.9 MPH)
|
| Top of the 4th over - 0 runs, 0 hits, 0 errors, 1 left on base; Burlington 3 - Pulaski 5 |
| BOTTOM OF THE 4TH |
|
Pulaski Yankees batting - Pitching for Burlington Royals : LHP David Wright
|
|
Batting: RHB Juan Perez
|
0-0: Foul Ball, location: 2F 0-1: Ball 1-1: Ball 2-1: Fly out, F8 (Flyball, 8RD, EV 91.9 MPH)
|
|
Batting: RHB Jim O'Dwyer
|
0-0: SOLO HOME RUN (Line Drive, 7D, EV 104.4 MPH), Distance : 416 ft
|
|
Batting: RHB Ken Stair
|
0-0: Called Strike 0-1: Ground out 4-3 (Groundball, 4S, EV 64.4 MPH)
|
|
Batting: SHB Dylan Best
|
0-0: Ball 1-0: Swinging Strike 1-1: SOLO HOME RUN (Line Drive, 78XD, EV 108.1 MPH), Distance : 435 ft
|
|
Batting: RHB Paul Ngumi
|
0-0: Called Strike 0-1: Ball 1-1: Called Strike 1-2: Ball 2-2: SINGLE (Groundball, 6MD, EV 97.5 MPH)
|
|
Batting: RHB Jonathan Feldstein
|
0-0: Called Strike Paul Ngumi is caught stealing 2nd base 2-4
|
| Bottom of the 4th over - 2 runs, 3 hits, 0 errors, 0 left on base; Burlington 3 - Pulaski 7 |
| TOP OF THE 5TH |
|
Burlington Royals batting - Pitching for Pulaski Yankees : LHP Allen Reisinger
|
|
Batting: RHB Josh Massey
|
0-0: Called Strike 0-1: Ball 1-1: Foul Ball, location: 2F 1-2: Strikes out looking
|
|
Batting: RHB Milanni Isaaka
|
0-0: Ball 1-0: Foul Ball, location: 2F 1-1: Ball 2-1: Ball 3-1: Base on Balls
|
|
Batting: RHB Juan Nieves
|
0-0: Foul Ball, location: 2F 0-1: Foul Ball, location: 2F 0-2: Ball 1-2: Grounds into double play, 4-6-3 (Groundball, 34S, EV 76.9 MPH)
|
| Top of the 5th over - 0 runs, 0 hits, 0 errors, 0 left on base; Burlington 3 - Pulaski 7 |
| BOTTOM OF THE 5TH |
|
Pulaski Yankees batting - Pitching for Burlington Royals : LHP David Wright
|
|
Pitching: RHP Zong-yuan Xue
|
|
|
Batting: RHB Jonathan Feldstein
|
0-0: Called Strike 0-1: DOUBLE (Line Drive, 78M, EV 111.2 MPH)
|
|
Batting: LHB Dave Ortiz
|
0-0: Ball 1-0: Called Strike 1-1: Reached on error, E4 (Groundball, 34D, EV 98.8 MPH) Jonathan Feldstein to third
|
|
Batting: LHB Troy Jones
|
0-0: Foul Ball, location: 2F 0-1: Swinging Strike 0-2: Ball 1-2: Ball 2-2: Fly out, F7 (Flyball, 78S, EV 71.2 MPH)
|
|
Batting: LHB Victor Reyna
|
0-0: Ball 1-0: Ball 2-0: Swinging Strike 2-1: SINGLE (Groundball, 4MD, EV 103.1 MPH) Jonathan Feldstein scores Dave Ortiz to second
|
|
Batting: RHB Juan Perez
|
0-0: Ball 1-0: Foul Ball, location: 2F 1-1: Foul Ball, location: 2F 1-2: Strikes out looking
|
|
Pitching: RHP Ramiro Castillo
|
|
|
Batting: RHB Jim O'Dwyer
|
0-0: Called Strike 0-1: Fly out, F8 (Line Drive, 8LM, EV 103.8 MPH)
|
| Bottom of the 5th over - 1 run, 2 hits, 1 error, 2 left on base; Burlington 3 - Pulaski 8 |
| TOP OF THE 6TH |
|
Burlington Royals batting - Pitching for Pulaski Yankees : LHP Allen Reisinger
|
|
Batting: RHB John Normand
|
0-0: Ground out 6-3 (Groundball, 6, EV 91.2 MPH)
|
|
Batting: RHB Donnie Bednarz
|
0-0: Swinging Strike 0-1: Ball 1-1: Ball 2-1: Fly out, F9 (Flyball, 89S, EV 85.0 MPH)
|
|
Batting: RHB Nick Spriggs
|
0-0: Foul Ball, location: 2F 0-1: Swinging Strike 0-2: Fly out, F8 (Flyball, 89M, EV 78.8 MPH)
|
| Top of the 6th over - 0 runs, 0 hits, 0 errors, 0 left on base; Burlington 3 - Pulaski 8 |
| BOTTOM OF THE 6TH |
|
Pulaski Yankees batting - Pitching for Burlington Royals : RHP Ramiro Castillo
|
|
Batting: RHB Ken Stair
|
0-0: Ball 1-0: Called Strike 1-1: Called Strike 1-2: Foul Ball, location: 2F 1-2: Fly out, F7 (Line Drive, 7S, EV 98.8 MPH)
|
|
Batting: SHB Dylan Best
|
0-0: Swinging Strike 0-1: Ball 1-1: Ball 2-1: Foul Ball, location: 2F 2-2: Ball 3-2: Foul Ball, location: 2F 3-2: Foul Ball, location: 2F 3-2: Base on Balls
|
|
Batting: RHB Paul Ngumi
|
0-0: Ball 1-0: Called Strike 1-1: Fielders Choice at 2nd, 6-4 (Groundball, 56D, EV 86.2 MPH)
|
|
Pitching: RHP Chris Chilcoat
|
|
|
Batting: RHB Jonathan Feldstein
|
0-0: Ball Paul Ngumi steals 2nd base 1-0: Ball Paul Ngumi is caught stealing 3rd base 2-5
|
| Bottom of the 6th over - 0 runs, 0 hits, 0 errors, 0 left on base; Burlington 3 - Pulaski 8 |
| TOP OF THE 7TH |
|
Burlington Royals batting - Pitching for Pulaski Yankees : LHP Allen Reisinger
|
|
Batting: RHB Danny Jefferies
|
0-0: Ball 1-0: Ball 2-0: Foul Ball, location: 2F 2-1: Ground out 6-3 (Groundball, 6S, EV 68.1 MPH)
|
|
Pitching: RHP Yoshida Abe
|
|
|
Batting: RHB Jimmy Black
|
0-0: Ball 1-0: Swinging Strike 1-1: Foul Ball, location: 2F 1-2: Foul Ball, location: 2F 1-2: SINGLE (Groundball, 4D, EV 101.2 MPH)
|
|
Batting: RHB Kyle Finney
|
0-0: Ball 1-0: Called Strike 1-1: Ball 2-1: Fly out, F9 (Flyball, 9S, EV 73.1 MPH)
|
|
Batting: RHB Josh Massey
|
0-0: Foul Ball, location: 2F 0-1: Ball 1-1: Foul Ball, location: 2F 1-2: SINGLE (Flyball, 3D, EV 93.8 MPH) Jimmy Black to second
|
|
Batting: RHB Milanni Isaaka
|
0-0: Ball 1-0: 3-RUN HOME RUN (Flyball, 8LXD, EV 115.0 MPH), Distance : 444 ft
|
|
Pitching: RHP Mauricio Zambrana
|
|
|
Batting: RHB Juan Nieves
|
0-0: Ball 1-0: Ball 2-0: Ball 3-0: Base on Balls
|
|
Batting: RHB John Normand
|
0-0: Ball 1-0: Fly out, F7 (Flyball, 7D, EV 106.2 MPH)
|
| Top of the 7th over - 3 runs, 3 hits, 0 errors, 1 left on base; Burlington 6 - Pulaski 8 |
| BOTTOM OF THE 7TH |
|
Pulaski Yankees batting - Pitching for Burlington Royals : RHP Chris Chilcoat
|
|
Batting: RHB Jonathan Feldstein
|
0-0: Called Strike 0-1: Ground out 6-3 (Groundball, 6, EV 83.1 MPH)
|
|
Batting: LHB Dave Ortiz
|
0-0: Ball 1-0: Fly out, F8 (Flyball, 8LD, EV 91.9 MPH)
|
|
Batting: LHB Troy Jones
|
0-0: Called Strike 0-1: Fly out, F7 (Flyball, 7LS, EV 92.5 MPH)
|
| Bottom of the 7th over - 0 runs, 0 hits, 0 errors, 0 left on base; Burlington 6 - Pulaski 8 |
| TOP OF THE 8TH |
|
Burlington Royals batting - Pitching for Pulaski Yankees : RHP Mauricio Zambrana
|
|
Now at 2B: Edwin Sierra
|
|
|
Now at 3B: Victor Garcia
|
|
|
Pinch Hitting: SHB Gary Woodroffe
|
0-0: Swinging Strike 0-1: Swinging Strike 0-2: Ball 1-2: Ball 2-2: Ball 3-2: Base on Balls
|
|
Batting: RHB Nick Spriggs
|
0-0: Ball 1-0: Swinging Strike 1-1: Swinging Strike 1-2: Strikes out swinging
|
|
Pinch Hitting: RHB Chris Stec
|
0-0: Fly out, F8 (Line Drive, 8LM, EV 93.1 MPH)
|
|
Batting: RHB Jimmy Black
|
0-0: Ball 1-0: Ball Wild Pitch! Gary Woodroffe to second 2-0: Called Strike 2-1: Ball 3-1: Base on Balls
|
|
Batting: RHB Kyle Finney
|
0-0: Called Strike 0-1: Called Strike 0-2: Strikes out swinging
|
| Top of the 8th over - 0 runs, 0 hits, 0 errors, 2 left on base; Burlington 6 - Pulaski 8 |
| BOTTOM OF THE 8TH |
|
Pulaski Yankees batting - Pitching for Burlington Royals : RHP Chris Chilcoat
|
|
Now at 1B: Chris Stec
|
|
|
Now in RF: Javy Rueda
|
|
|
Batting: LHB Victor Reyna
|
0-0: Ball 1-0: Swinging Strike 1-1: Ball 2-1: Ball 3-1: Foul Ball, location: 2F 3-2: Base on Balls
|
|
Batting: RHB Juan Perez
|
0-0: Ball 1-0: Bunted foul 1-1: Bunt missed! 1-2: Ball 2-2: Fly out, F7 (Flyball, 7S, EV 81.2 MPH)
|
|
Pitching: RHP David Bialas
|
|
|
Batting: RHB Jim O'Dwyer
|
0-0: Ball Victor Reyna steals 2nd base 1-0: Ball 2-0: Ball 3-0: Base on Balls
|
|
Batting: RHB Ken Stair
|
0-0: Ball 1-0: Ball 2-0: Called Strike 2-1: Swinging Strike 2-2: Strikes out swinging
|
|
Batting: SHB Dylan Best
|
0-0: Ball 1-0: Ground out U3 (Groundball, 13, EV 87.5 MPH)
|
| Bottom of the 8th over - 0 runs, 0 hits, 0 errors, 2 left on base; Burlington 6 - Pulaski 8 |
| TOP OF THE 9TH |
|
Burlington Royals batting - Pitching for Pulaski Yankees : RHP Mauricio Zambrana
|
|
Pitching: RHP Zack Young
|
|
|
Now at 1B: Chris Viehman
|
|
|
Batting: RHB Josh Massey
|
0-0: Called Strike 0-1: Swinging Strike 0-2: Ball 1-2: Fly out, F9 (Flyball, 9S, EV 82.5 MPH)
|
|
Batting: RHB Milanni Isaaka
|
0-0: Called Strike 0-1: Foul Ball, location: 2F 0-2: Foul Ball, location: 2F 0-2: Ball 1-2: Foul Ball, location: 2F 1-2: Ball 2-2: Foul Ball, location: 2F 2-2: Ball 3-2: SINGLE (Flyball, 9S, EV 95.6 MPH)
|
|
Batting: RHB Juan Nieves
|
0-0: Ball 1-0: Called Strike 1-1: Foul Ball, location: 2F 1-2: Grounds into double play, 4-6-3 (Groundball, 4M, EV 106.9 MPH)
|
| Top of the 9th over - 0 runs, 1 hit, 0 errors, 0 left on base; Burlington 6 - Pulaski 8 |
|